 Dungeon Crawl Stone Soup version 0.18-b1-16-g289874d (webtiles) character file.

219 otab the Slasher (level 5, -7/36 HPs)
             Began as a High Elf Fighter on May 1, 2016.
             Mangled by an ogre
             ... wielding a +0 giant spiked club
              (19 damage)
             ... on level 4 of the Dungeon.
             The game lasted 00:02:48 (3288 turns).

otab the Slasher (High Elf Fighter)                 Turns: 3288, Time: 00:02:49

Health: -7/36      AC:  9    Str: 16    XL:     5   Next: 64%
Magic:  6/6        EV: 13    Int: 16    God:
Gold:   121        SH: 10    Dex: 20    Spells: 0 memorised, 4 levels left

rFire  . . .     SeeInvis .     a - +0 long sword
rCold  . . .     Gourm    .     b - +0 scale mail
rNeg   . . .     Faith    .     c - +0 shield
rPois  .         Spirit   .     (no helmet)
rElec  .         Dismiss  .     q - +1 cloak
rCorr  .         Reflect  .     (no gloves)
SustAt .         Harm     .     (no boots)
MR     .....                    (no amulet)
Stlth  +.........               (no ring)
                                (no ring)

@: brilliant, agile, not resistant to hostile enchantments, very unstealthy
A: no striking features
a: no special abilities


You were on level 4 of the Dungeon.
You were not hungry.

You visited 1 branch of the dungeon, and saw 4 of its levels.

You collected 121 gold pieces.

Inventory:

Hand Weapons
 a - a +0 long sword (weapon)
Armour
 b - a +0 scale mail (worn)
 c - a +0 shield (worn)
 q - a +1 cloak (worn)
Jewellery
 t - an uncursed ring of positive energy {unknown}
Scrolls
 e - 4 scrolls of identify {unknown}
 g - a scroll of enchant weapon {unknown}
 h - 3 scrolls of remove curse {unknown}
 i - a scroll of fear {unknown}
 j - a scroll of recharging {unknown}
 o - a scroll of fog {unknown}
 p - a scroll of noise {unknown}
 r - a scroll of immolation {unknown}
Potions
 d - a potion of might
 k - a potion of heal wounds
Comestibles
 f - 4 bread rations
 l - a meat ration
 n - a slice of pizza
 u - a royal jelly


   Skills:
 + Level 3.4 Fighting
 * Level 4.3 Long Blades
 + Level 3.7 Armour
 + Level 2.0 Dodging
 + Level 3.6 Shields


You had 4 spell levels left.
You didn't know any spells.

Dungeon Overview and Level Annotations

Branches:
Dungeon (4/15)
 Temple: D:4-7

Altars:


Message History

You hit the ogre.
The ogre is moderately wounded.
The ogre hits you with a giant spiked club!
Drink which item? (? for menu, Esc to quit)
It was a potion of brilliance.
You feel clever all of a sudden. The ogre hits you but does no damage.
Drink which item? (? for menu, Esc to quit)
It was a potion of agility.
You feel agile all of a sudden.
Drink which item? (? for menu, Esc to quit)
Okay, then.
You hit the ogre.
The ogre is moderately wounded.
You block the ogre's attack.
You hit the ogre.
The ogre is heavily wounded.
The ogre hits you with a giant spiked club!!
Ouch! That really hurt!
You die...

.###.........## ###
..####.####.(####...
#. #....##.(.#..# #.#
####(.......# #..##
#..####รท###
##..####...###)####
#.................#
.....#.#####.........#
### #@# #.........#
#O# ######.#.## #h#
#..... #h. ##..##. ##.
#..# .. #.# ##


You could see an ogre and 2 jackals.

Vanquished Creatures
  A scorpion (D:4)
  An iguana (D:3)
  A worker ant (D:4)
  6 adders
  An ooze (D:3)
  2 worms (D:2)
  2 dart slugs (D:2)
  3 giant geckos
  2 orcs (D:3)
  6 giant cockroaches
  9 goblins
  2 hobgoblins (D:2)
  9 kobolds
  A quokka (D:2)
  A ball python (D:4)
  5 bats
  3 giant newts
  2 rats
57 creatures vanquished.

Notes
Turn   | Place    | Note
--------------------------------------------------------------
     0 | D:1      | otab the High Elf Fighter began the quest for the Orb.
     0 | D:1      | Reached XP level 1. HP: 16/16 MP: 2/2
   224 | D:1      | Reached XP level 2. HP: 21/21 MP: 3/3
   445 | D:2      | Reached skill level 3 in Long Blades
   457 | D:2      | Reached XP level 3. HP: 10/26 MP: 4/4
  1315 | D:2      | Reached skill level 1 in Dodging
  1400 | D:2      | Reached XP level 4. HP: 27/31 MP: 5/5
  2421 | D:3      | Reached XP level 5. HP: 20/36 MP: 6/6
  2994 | D:4      | Reached skill level 4 in Long Blades
  3278 | D:4      | Noticed an ogre
  3288 | D:4      | Mangled by an ogre

Skill      XL: |  1  2  3  4  5 |
---------------+----------------+-----
Long Blades    | 3 4 |  4.3
Armour         | 3 |  3.7
Shields        | 3 |  3.6
Dodging        | 1 2 |  2.0
Fighting       | |  3.4

Action                   |  1- 3 |  4- 6 || total
-------------------------+-------+-------++-------
Melee: Long sword        |   129 |   106 ||   235
  Use: Potion            |       |     3 ||     3
  Eat: Chunk             |     2 |     4 ||     6
       Pizza             |       |     1 ||     1
Armor: Scale mail        |    60 |    33 ||    93
Dodge: Dodged            |    36 |    31 ||    67
Block: Shield            |    59 |    50 ||   109
